Workbook

Sheet 5.1-RESUMO
A5: PREFEITURA DE SANTO ANDRÉ
A6: SECRETARIA DE DESENVOLVIMENTO URBANO E HABITAÇÃO
A7: DEPARTAMENTO DE HABITAÇÃO
A9: EXECUÇÃO DE SERVIÇOS DE ELABORAÇÃO DE PROJETO BÁSICO E EXECUTIVO DE ENGENHARIA E EXECUÇÃO DE OBRAS PARA CONTENÇÃO DE ENCOSTA E ESTABILIZAÇÃO DE SETORES DE RISCO ALTO E MUITO ALTO NO JARDIM IRENE
A11: ANEXO 5.1 - PLANILHA RESUMO
B13: % | C13: VALOR (R$)
A14: PROJETOS | B14: =C14/C$20 -> 0.044305788 | C14: ='5.2-Projetos_Resumo'!C20 -> 491501.53
A15: ADMINISTRAÇÃO LOCAL | B15: =C15/C$20 -> 0.042862326 | C15: ='5.5-Parametrização_Obras'!X31*C16/(100%-'5.5-Parametrização_Obras'!X31) -> 475488.64
A16: OBRAS | B16: =C16/C$20 -> 0.91283189 | C16: =ROUND(SUM(C17:C19),2) -> 10126403
A17: SERVIÇOS PRELIMINARES | C17: ='5.5-Parametrização_Obras'!B34*'5.5-Parametrização_Obras'!X25 -> 320186.89
A18: CONTENÇÕES | C18: ='5.5-Parametrização_Obras'!B34*'5.5-Parametrização_Obras'!X26 -> 9017109
A19: DRENAGEM E OBRAS COMPLEMENTARES | C19: ='5.5-Parametrização_Obras'!B34*'5.5-Parametrização_Obras'!X27 -> 789107.17
B20: TOTAL | C20: =ROUND(SUM(C14:C16),2) -> 11093393
A22: Data-Base: Dezembro/2025

Sheet 5.2-Projetos_Resumo
A4: PREFEITURA DE SANTO ANDRÉ
A5: SECRETARIA DE DESENVOLVIMENTO URBANO E HABITAÇÃO
A6: ='5.1-RESUMO'!A7:C7 -> DEPARTAMENTO DE HABITAÇÃO
A8: EXECUÇÃO DE SERVIÇOS DE ELABORAÇÃO DE PROJETO BÁSICO E EXECUTIVO DE ENGENHARIA E EXECUÇÃO DE OBRAS PARA CONTENÇÃO DE ENCOSTA E ESTABILIZAÇÃO DE SETORES DE RISCO ALTO E MUITO ALTO NO JARDIM IRENE
A10: ANEXO 5.2 - PLANILHA RESUMO - ESTIMATIVA DE CUSTOS DE PROJETOS
A13: ITEM | B13: DESCRIÇÃO DOS SERVIÇOS | C13: VALOR TOTAL (R$)
A14: 1 | B14: SERVIÇOS PRELIMINARES | C14: ='5.3-Proj_Serv Preliminares'!J12 -> 104126.59
A16: 2 | B16: PROJETO BÁSICO | C16: ='5.4-Proj_Bas-Exec'!W18 -> 207382.39
A18: 3 | B18: PROJETO EXECUTIVO | C18: ='5.4-Proj_Bas-Exec'!W28 -> 179992.55
B20: TOTAL | C20: =SUM(C14:C19) -> 491501.53
A22: DATA-BASE: Dezembro/2025

Sheet 5.3-Proj_Serv Preliminares
A1: PREFEITURA DE SANTO ANDRÉ
A2: SECRETARIA DE DESENVOLVIMENTO URBANO E HABITAÇÃO
A3: ='5.1-RESUMO'!A7:C7 -> DEPARTAMENTO DE HABITAÇÃO
A5: EXECUÇÃO DE SERVIÇOS DE ELABORAÇÃO DE PROJETO BÁSICO E EXECUTIVO DE ENGENHARIA E EXECUÇÃO DE OBRAS PARA CONTENÇÃO DE ENCOSTA E ESTABILIZAÇÃO DE SETORES DE RISCO ALTO E MUITO ALTO NO JARDIM IRENE
A7: ANEXO 5.3 - SERVIÇOS PRELIMINARES DE PROJETO
I9: TRDE (%) = | J9: ='Fator K'!G16-100% -> 0.1491
A11: ITEM | B11: FONTE | C11: CÓDIGO | D11: DESCRIÇÃO DOS SERVIÇOS | E11: UNIDADE | F11: QUANTIDADE | G11: PREÇO UNITÁRIO (R$) | H11: TRDE (%) | I11: PREÇO UNITÁRIO (R$) - COM TRDE | J11: VALOR TOTAL (R$)
A12: 1 | D12: SERVIÇOS PRELIMINARES | J12: =J13+J15+J19 -> 104126.59
A13: 1.1 | D13: TOPOGRAFIA | I13: SUBTOTAL | J13: =J14 -> 19348.54
A14: 1.1.1 | B14: INFRA | C14: 01-010-00 | D14: LEVANTAMENTO PLANIALTIMÉTRICO CADASTRAL | E14: M² | F14: 19156.97 | G14: 0.88 | H14: =J$9 -> 0.1491 | I14: =ROUND(G14*(1+H14),2) -> 1.01 | J14: =ROUND(I14*F14,2) -> 19348.54
A15: 1.2 | C15: 1.1.1.2 | D15: SONDAGENS | I15: SUBTOTAL | J15: =SUM(J16:J18) -> 65996.71
A16: 1.2.1 | B16: INFRA | C16: 02-002-002 | D16: MOBILIZAÇÃO E INSTALAÇÃO DE 1 EQUIPAMENTO | E16: UNID. | F16: ='[1]ÁREA 2'!F15 -> 1 | G16: 752.16 | H16: =J$9 -> 0.1491 | I16: =ROUND(G16*(1+H16),2) -> 864.31 | J16: =ROUND(I16*F16,2) -> 864.31
A17: 1.2.2 | B17: INFRA | C17: 02-002-008 | D17: DESLOCAMENTO DE EQUIPAMENTO ENTRE FUROS EM TERRENO ACIDENTADO, CONSIDERANDO DISTÂNCIA ACIMA DE 50M | E17: UNID. | F17: ='[1]ÁREA 2'!F16 -> 15 | G17: 183.59 | H17: =J$9 -> 0.1491 | I17: =ROUND(G17*(1+H17),2) -> 210.96 | J17: =ROUND(I17*F17,2) -> 3164.4
A18: 1.2.3 | B18: INFRA | C18: 02-002-010 | D18: PERFURAÇÃO E EXECUÇÃO DE ENSAIO PENETROMÉTRICO OU DE LAVAGEM POR TEMPO | E18: M | F18: ='[1]ÁREA 2'!F17 -> 300 | G18: 179.76 | H18: =J$9 -> 0.1491 | I18: =ROUND(G18*(1+H18),2) -> 206.56 | J18: =ROUND(I18*F18,2) -> 61968
A19: 1.3 | C19: 1.1.1.3 | D19: ENSAIOS | I19: SUBTOTAL | J19: =SUM(J20:J25) -> 18781.34
A20: 1.3.1 | B20: INFRA | C20: 02-006-002 | D20: ENSAIO DE LABORATÓRIO - LIMITE DE LIQUIDEZ | E20: ENSAIO | F20: ='[1]ÁREA 2'!F19 -> 6 | G20: 145.49 | H20: =J$9 -> 0.1491 | I20: =ROUND(G20*(1+H20),2) -> 167.18 | J20: =ROUND(I20*F20,2) -> 1003.08
A21: 1.3.2 | B21: INFRA | C21: 02-006-003 | D21: ENSAIO DE LABORATÓRIO - PLASTICIDADE | E21: ENSAIO | F21: ='[1]ÁREA 2'!F20 -> 6 | G21: 119.25 | H21: =J$9 -> 0.1491 | I21: =ROUND(G21*(1+H21),2) -> 137.03 | J21: =ROUND(I21*F21,2) -> 822.18
A22: 1.3.3 | B22: INFRA | C22: 02-006-004 | D22: ENSAIO DE LABORATÓRIO - COMPACTAÇÃO | E22: ENSAIO | F22: ='[1]ÁREA 2'!F21 -> 10 | G22: 368.31 | H22: =J$9 -> 0.1491 | I22: =ROUND(G22*(1+H22),2) -> 423.23 | J22: =ROUND(I22*F22,2) -> 4232.3
A23: 1.3.4 | B23: INFRA | C23: 02-006-005 | D23: ENSAIOS DE LABORATÓRIO - GRANULOMETRIA | E23: ENSAIO | F23: ='[1]ÁREA 2'!F22 -> 6 | G23: 227.87 | H23: =J$9 -> 0.1491 | I23: =ROUND(G23*(1+H23),2) -> 261.85 | J23: =ROUND(I23*F23,2) -> 1571.1
A24: 1.3.5 | B24: INFRA | C24: 02-006-006 | D24: ENSAIOS DE LABORATÓRIO - PROCTOR SIMPLES | E24: ENSAIO | F24: ='[1]ÁREA 2'!F23 -> 10 | G24: 411.3 | H24: =J$9 -> 0.1491 | I24: =ROUND(G24*(1+H24),2) -> 472.62 | J24: =ROUND(I24*F24,2) -> 4726.2
A25: 1.3.6 | B25: INFRA | C25: 02-006-009 | D25: ENSAIOS DE LABORATÓRIO - CBR-5 PONTOS (MOLDADO) | E25: ENSAIO | F25: ='[1]ÁREA 2'!F24 -> 6 | G25: 932.1 | H25: =J$9 -> 0.1491 | I25: =ROUND(G25*(1+H25),2) -> 1071.08 | J25: =ROUND(I25*F25,2) -> 6426.48
A27: DATA-BASE: Dezembro/2025
A28: Bancos de Preços: SINAPI (Dezembro/2025), SIURB (Julho/2025)

Sheet 5.4-Proj_Bas-Exec
A1: PREFEITURA DE SANTO ANDRÉ
A2: SECRETARIA DE DESENVOLVIMENTO URBANO E HABITAÇÃO
A3: ='5.1-RESUMO'!A7:C7 -> DEPARTAMENTO DE HABITAÇÃO
A5: EXECUÇÃO DE SERVIÇOS DE ELABORAÇÃO DE PROJETO BÁSICO E EXECUTIVO DE ENGENHARIA E EXECUÇÃO DE OBRAS PARA CONTENÇÃO DE ENCOSTA E ESTABILIZAÇÃO DE SETORES DE RISCO ALTO E MUITO ALTO NO JARDIM IRENE
A7: ANEXO 5.4 - ESTIMATIVA DE QUANTIDADES PARA PROJETOS, RELATÓRIOS TÉCNICOS E ORÇAMENTOS
A9: ITEM 2 - PROJETO BÁSICO
A11: SUBITEM | B11: Descrição | C11: Referência | D11: Código | E11: Unid. | F11: Custo unitário de referência (COM encargos) (R$) | G11: Custo unitário de referência (SEM encargos) (R$) | H11: Preço unitário de referência (com aplicação do Fator K) (R$) | I11: Qtde. Total (H) | J11: Qtde. Total (Mês) (ver nota 1) | K11: Urban. | L11: Cadastro de remoção | M11: Melhoria Habitacional | N11: Pavimentação | O11: Terraplenagem | P11: Paisag. | Q11: Geotecnia - Estrut. | R11: Drenagem | S11: Redes de água | T11: Redes de esgoto | U11: Relatórios técnicos | V11: Orçamento | W11: Custo Total (R$)
A12: 2.1 | B12: ENGENHEIRO PLENO | C12: SINAPI-I | D12: 40813 | E12: mês | F12: 22515.91 | G12: =ROUND(F12/(1+'Fator K'!C$11),2) -> 13125.75 | H12: =ROUND(G12*'Fator K'!G$14,2) -> 26389.32 | I12: =SUM(K12:V12) -> 9.5 | J12: =ROUND(I12/168,2) -> 0.06 | K12: =Proj_Ref_SIURB!J13 -> 0.5 | L12: =Proj_Ref_SIURB!K13 -> 0.25 | M12: =Proj_Ref_SIURB!L13 -> 0 | N12: =Proj_Ref_SIURB!M13 -> 0.25 | O12: =Proj_Ref_SIURB!N13 -> 1.5 | P12: =Proj_Ref_SIURB!O13 -> 0.75 | Q12: =Proj_Ref_SIURB!P13 -> 2 | R12: =Proj_Ref_SIURB!Q13 -> 1.5 | ... V12: =Proj_Ref_SIURB!U13 -> 0.25 | W12: =ROUND(H12*J12,2) -> 1583.36
A13: 2.2 | B13: ENGENHEIRO SÊNIOR | C13: SINAPI-I | D13: 40814 | E13: mês | F13: 31540.2 | G13: =ROUND(F13/(1+'Fator K'!C$11),2) -> 18386.5 | H13: =ROUND(G13*'Fator K'!G$14,2) -> 36966.06 | I13: =SUM(K13:V13) -> 26.6 | J13: =ROUND(I13/168,2) -> 0.16 | K13: =Proj_Ref_SIURB!J15 -> 1.4 | L13: =Proj_Ref_SIURB!K15 -> 0.7 | M13: =Proj_Ref_SIURB!L15 -> 0 | N13: =Proj_Ref_SIURB!M15 -> 0.7 | O13: =Proj_Ref_SIURB!N15 -> 4.2 | P13: =Proj_Ref_SIURB!O15 -> 2.1 | Q13: =Proj_Ref_SIURB!P15 -> 5.6 | R13: =Proj_Ref_SIURB!Q15 -> 4.2 | ... V13: =Proj_Ref_SIURB!U15 -> 0.7 | W13: =ROUND(H13*J13,2) -> 5914.57
A14: 2.3 | B14: ARQUITETO SÊNIOR (MENSALISTA) | C14: SINAPI-I | D14: 40817 | E14: mês | F14: 24185.83 | G14: =ROUND(F14/(1+'Fator K'!C$11),2) -> 14099.24 | H14: =ROUND(G14*'Fator K'!G$14,2) -> 28346.52 | I14: =SUM(K14:V14) -> 266 | J14: =ROUND(I14/168,2) -> 1.58 | K14: =Proj_Ref_SIURB!J16 -> 14 | L14: =Proj_Ref_SIURB!K16 -> 7 | M14: =Proj_Ref_SIURB!L16 -> 0 | N14: =Proj_Ref_SIURB!M16 -> 7 | O14: =Proj_Ref_SIURB!N16 -> 42 | P14: =Proj_Ref_SIURB!O16 -> 21 | Q14: =Proj_Ref_SIURB!P16 -> 56 | R14: =Proj_Ref_SIURB!Q16 -> 42 | ... V14: =Proj_Ref_SIURB!U16 -> 7 | W14: =ROUND(H14*J14,2) -> 44787.5
A15: 2.4 | B15: ARQUITETO PLENO (MENSALISTA) | C15: SINAPI-I | D15: 40816 | E15: mês | F15: 22623.1 | G15: =ROUND(F15/(1+'Fator K'!C$11),2) -> 13188.24 | H15: =ROUND(G15*'Fator K'!G$14,2) -> 26514.96 | I15: =SUM(K15:V15) -> 266 | J15: =ROUND(I15/168,2) -> 1.58 | K15: =Proj_Ref_SIURB!J17 -> 14 | L15: =Proj_Ref_SIURB!K17 -> 7 | M15: =Proj_Ref_SIURB!L17 -> 0 | N15: =Proj_Ref_SIURB!M17 -> 7 | O15: =Proj_Ref_SIURB!N17 -> 42 | P15: =Proj_Ref_SIURB!O17 -> 21 | Q15: =Proj_Ref_SIURB!P17 -> 56 | R15: =Proj_Ref_SIURB!Q17 -> 42 | ... V15: =Proj_Ref_SIURB!U17 -> 7 | W15: =ROUND(H15*J15,2) -> 41893.64
A16: 2.5 | B16: ENGENHEIRO JUNIOR | C16: SINAPI-I | D16: 40811 | E16: mês | F16: 22133.8 | G16: =ROUND(F16/(1+'Fator K'!C$11),2) -> 12903 | H16: =ROUND(G16*'Fator K'!G$14,2) -> 25941.48 | I16: =SUM(K16:V16) -> 304 | J16: =ROUND(I16/168,2) -> 1.81 | K16: =Proj_Ref_SIURB!J18 -> 16 | L16: =Proj_Ref_SIURB!K18 -> 8 | M16: =Proj_Ref_SIURB!L18 -> 0 | N16: =Proj_Ref_SIURB!M18 -> 8 | O16: =Proj_Ref_SIURB!N18 -> 48 | P16: =Proj_Ref_SIURB!O18 -> 24 | Q16: =Proj_Ref_SIURB!P18 -> 64 | R16: =Proj_Ref_SIURB!Q18 -> 48 | ... V16: =Proj_Ref_SIURB!U18 -> 8 | W16: =ROUND(H16*J16,2) -> 46954.08
A17: 2.6 | B17: DESENHISTA PROJETISTA (MENSALISTA) (ver nota 2) | C17: SINAPI-I | D17: 40807 | E17: mês | F17: 11350.44 | G17: =ROUND(F17/(1+'Fator K'!C$11),2) -> 6616.79 | H17: =ROUND(G17*'Fator K'!G$14,2) -> 13303.06 | I17: =SUM(K17:V17) -> 836 | J17: =ROUND(I17/168,2) -> 4.98 | K17: =Proj_Ref_SIURB!J14+Proj_Ref_SIURB!J19+Proj_Ref_SIURB!J20 -> 44 | L17: =Proj_Ref_SIURB!K14+Proj_Ref_SIURB!K19+Proj_Ref_SIURB!K20 -> 22 | M17: =Proj_Ref_SIURB!L14+Proj_Ref_SIURB!L19+Proj_Ref_SIURB!L20 -> 0 | N17: =Proj_Ref_SIURB!M14+Proj_Ref_SIURB!M19+Proj_Ref_SIURB!M20 -> 22 | O17: =Proj_Ref_SIURB!N14+Proj_Ref_SIURB!N19+Proj_Ref_SIURB!N20 -> 132 | P17: =Proj_Ref_SIURB!O14+Proj_Ref_SIURB!O19+Proj_Ref_SIURB!O20 -> 66 | Q17: =Proj_Ref_SIURB!P14+Proj_Ref_SIURB!P19+Proj_Ref_SIURB!P20 -> 176 | R17: =Proj_Ref_SIURB!Q14+Proj_Ref_SIURB!Q19+Proj_Ref_SIURB!Q20 -> 132 | ... V17: =Proj_Ref_SIURB!U14+Proj_Ref_SIURB!U19+Proj_Ref_SIURB!U20 -> 22 | W17: =ROUND(H17*J17,2) -> 66249.24
U18: TOTAIS | W18: =SUM(W12:W17) -> 207382.39
A19: ITEM 3 - PROJETO EXECUTIVO
A21: SUBITEM | B21: Descrição | C21: Referência | D21: Código | E21: Unid. | F21: Custo unitário de referência (COM encargos) (R$) | G21: Custo unitário de referência (SEM encargos) (R$) | H21: Preço unitário de referência (com aplicação do Fator K) (R$) | I21: Qtde. Total (H) | J21: Qtde. Total (Mês) (ver nota 1) | K21: Urban. | L21: Cadastro de remoção | M21: Melhoria Habitacional | N21: Pavimentação | O21: Terraplenagem | P21: Paisag. | Q21: Geotecnia - Estrut. | R21: Drenagem | S21: Redes de água | T21: Redes de esgoto | U21: Relatórios técnicos | V21: Orçamento | W21: Custo Total (R$)
A22: 3.1 | B22: ENGENHEIRO PLENO | C22: SINAPI-I | D22: 40813 | E22: mês | F22: =F12 -> 22515.91 | G22: =ROUND(F22/(1+'Fator K'!C$11),2) -> 13125.75 | H22: =ROUND(G22*'Fator K'!G$14,2) -> 26389.32 | I22: =SUM(K22:V22) -> 7.8 | J22: =ROUND(I22/168,2) -> 0.05 | K22: =Proj_Ref_SIURB!J25 -> 0.4 | L22: =Proj_Ref_SIURB!K25 -> 0 | M22: =Proj_Ref_SIURB!L25 -> 1.2 | N22: =Proj_Ref_SIURB!M25 -> 0.4 | O22: =Proj_Ref_SIURB!N25 -> 0.6 | P22: =Proj_Ref_SIURB!O25 -> 0.6 | Q22: =Proj_Ref_SIURB!P25 -> 2 | R22: =Proj_Ref_SIURB!Q25 -> 1.2 | ... V22: =Proj_Ref_SIURB!U25 -> 0.2 | W22: =ROUND(H22*J22,2) -> 1319.47
A23: 3.2 | B23: ENGENHEIRO SÊNIOR | C23: SINAPI-I | D23: 40814 | E23: mês | F23: =F13 -> 31540.2 | G23: =ROUND(F23/(1+'Fator K'!C$11),2) -> 18386.5 | H23: =ROUND(G23*'Fator K'!G$14,2) -> 36966.06 | I23: =SUM(K23:V23) -> 15.6 | J23: =ROUND(I23/168,2) -> 0.09 | K23: =Proj_Ref_SIURB!J27 -> 0.8 | L23: =Proj_Ref_SIURB!K27 -> 0 | M23: =Proj_Ref_SIURB!L27 -> 2.4 | N23: =Proj_Ref_SIURB!M27 -> 0.8 | O23: =Proj_Ref_SIURB!N27 -> 1.2 | P23: =Proj_Ref_SIURB!O27 -> 1.2 | Q23: =Proj_Ref_SIURB!P27 -> 4 | R23: =Proj_Ref_SIURB!Q27 -> 2.4 | ... V23: =Proj_Ref_SIURB!U27 -> 0.4 | W23: =ROUND(H23*J23,2) -> 3326.95
A24: 3.3 | B24: ARQUITETO SÊNIOR (MENSALISTA) | C24: SINAPI-I | D24: 40817 | E24: mês | F24: =F14 -> 24185.83 | G24: =ROUND(F24/(1+'Fator K'!C$11),2) -> 14099.24 | H24: =ROUND(G24*'Fator K'!G$14,2) -> 28346.52 | I24: =SUM(K24:V24) -> 234 | J24: =ROUND(I24/168,2) -> 1.39 | K24: =Proj_Ref_SIURB!J28 -> 12 | L24: =Proj_Ref_SIURB!K28 -> 0 | M24: =Proj_Ref_SIURB!L28 -> 36 | N24: =Proj_Ref_SIURB!M28 -> 12 | O24: =Proj_Ref_SIURB!N28 -> 18 | P24: =Proj_Ref_SIURB!O28 -> 18 | Q24: =Proj_Ref_SIURB!P28 -> 60 | R24: =Proj_Ref_SIURB!Q28 -> 36 | ... V24: =Proj_Ref_SIURB!U28 -> 6 | W24: =ROUND(H24*J24,2) -> 39401.66
A25: 3.4 | B25: ARQUITETO PLENO (MENSALISTA) | C25: SINAPI-I | D25: 40816 | E25: mês | F25: =F15 -> 22623.1 | G25: =ROUND(F25/(1+'Fator K'!C$11),2) -> 13188.24 | H25: =ROUND(G25*'Fator K'!G$14,2) -> 26514.96 | I25: =SUM(K25:V25) -> 234 | J25: =ROUND(I25/168,2) -> 1.39 | K25: =Proj_Ref_SIURB!J29 -> 12 | L25: =Proj_Ref_SIURB!K29 -> 0 | M25: =Proj_Ref_SIURB!L29 -> 36 | N25: =Proj_Ref_SIURB!M29 -> 12 | O25: =Proj_Ref_SIURB!N29 -> 18 | P25: =Proj_Ref_SIURB!O29 -> 18 | Q25: =Proj_Ref_SIURB!P29 -> 60 | R25: =Proj_Ref_SIURB!Q29 -> 36 | ... V25: =Proj_Ref_SIURB!U29 -> 6 | W25: =ROUND(H25*J25,2) -> 36855.79
A26: 3.5 | B26: ENGENHEIRO JUNIOR | C26: SINAPI-I | D26: 40811 | E26: mês | F26: =F16 -> 22133.8 | G26: =ROUND(F26/(1+'Fator K'!C$11),2) -> 12903 | H26: =ROUND(G26*'Fator K'!G$14,2) -> 25941.48 | I26: =SUM(K26:V26) -> 273 | J26: =ROUND(I26/168,2) -> 1.63 | K26: =Proj_Ref_SIURB!J30 -> 14 | L26: =Proj_Ref_SIURB!K30 -> 0 | M26: =Proj_Ref_SIURB!L30 -> 42 | N26: =Proj_Ref_SIURB!M30 -> 14 | O26: =Proj_Ref_SIURB!N30 -> 21 | P26: =Proj_Ref_SIURB!O30 -> 21 | Q26: =Proj_Ref_SIURB!P30 -> 70 | R26: =Proj_Ref_SIURB!Q30 -> 42 | ... V26: =Proj_Ref_SIURB!U30 -> 7 | W26: =ROUND(H26*J26,2) -> 42284.61
A27: 3.6 | B27: DESENHISTA PROJETISTA (MENSALISTA) (ver nota 2) | C27: SINAPI-I | D27: 40807 | E27: mês | F27: =F17 -> 11350.44 | G27: =ROUND(F27/(1+'Fator K'!C$11),2) -> 6616.79 | H27: =ROUND(G27*'Fator K'!G$14,2) -> 13303.06 | I27: =SUM(K27:V27) -> 717.6 | J27: =ROUND(I27/168,2) -> 4.27 | K27: =Proj_Ref_SIURB!J26+Proj_Ref_SIURB!J31+Proj_Ref_SIURB!J32 -> 36.8 | L27: =Proj_Ref_SIURB!K26+Proj_Ref_SIURB!K31+Proj_Ref_SIURB!K32 -> 0 | M27: =Proj_Ref_SIURB!L26+Proj_Ref_SIURB!L31+Proj_Ref_SIURB!L32 -> 110.4 | N27: =Proj_Ref_SIURB!M26+Proj_Ref_SIURB!M31+Proj_Ref_SIURB!M32 -> 36.8 | O27: =Proj_Ref_SIURB!N26+Proj_Ref_SIURB!N31+Proj_Ref_SIURB!N32 -> 55.2 | P27: =Proj_Ref_SIURB!O26+Proj_Ref_SIURB!O31+Proj_Ref_SIURB!O32 -> 55.2 | Q27: =Proj_Ref_SIURB!P26+Proj_Ref_SIURB!P31+Proj_Ref_SIURB!P32 -> 184 | R27: =Proj_Ref_SIURB!Q26+Proj_Ref_SIURB!Q31+Proj_Ref_SIURB!Q32 -> 110.4 | ... V27: =Proj_Ref_SIURB!U26+Proj_Ref_SIURB!U31+Proj_Ref_SIURB!U32 -> 18.4 | W27: =ROUND(H27*J27,2) -> 56804.07
U28: TOTAIS | W28: =SUM(W22:W27) -> 179992.55
A29: DATA-BASE: Dezembro/2025
A30: Bancos de Preços: SINAPI (Dezembro/2025) - preços não desonerados, por tratar de serviços de consultoria e projetos
A32: Nota 1: Considerado mês com 168 horas trabalhadas, para efeito de conversão de unidades (h para mês)
A34: Nota 2: Considerando que a composição de referência continha horas trabalhadas de "desenhista cadista" e de "projetista", tais quantidades foram cumuladas às dos itens 2.6 e 3.6

Sheet 5.5-Parametrização_Obras
A1: PREFEITURA DE SANTO ANDRÉ
A2: SECRETARIA DE DESENVOLVIMENTO URBANO E HABITAÇÃO
A3: ='5.1-RESUMO'!A7:C7 -> DEPARTAMENTO DE HABITAÇÃO
A5: EXECUÇÃO DE SERVIÇOS DE ELABORAÇÃO DE PROJETO BÁSICO E EXECUTIVO DE ENGENHARIA E EXECUÇÃO DE OBRAS PARA CONTENÇÃO DE ENCOSTA E ESTABILIZAÇÃO DE SETORES DE RISCO ALTO E MUITO ALTO NO JARDIM IRENE
A7: ANEXO 5.5 - ESTUDO PARA PARAMETRIZAÇÃO DE CUSTO DE OBRA
B9: PREFEITURA DE MAUÁ - SP | N9: PREFEITURA DE DIADEMA - SP | R9: PREFEITURA DE SÃO BERNARDO DO CAMPO - SP
B10: MURO 2 | D10: MURO 8 | F10: MURO 10 | H10: ALBERTO RATTI | J10: LUIZ CAMARGO ARANHA | L10: MANSUR SADEK | N10: COSTA E SILVA / VILA NOVA II | P10: HEBERT DE SOUZA | R10: OBRA 12 - VIA SÃO PEDRO | T10: OBRA 1 - NOVO HORIZONTE | V10: CP 10.010/2015 | X10: VALORES MÉDIOS
A11: DATA-BASE | B11: 44743 | C11: 45992 | D11: 44743 | E11: 45992 | F11: 45992 | G11: 45992 | H11: 45992 | I11: 45992 | J11: 45992 | K11: 45992 | L11: 45992 | M11: 45992 | N11: 45992 | O11: 45992 | P11: 45992 | Q11: 45992 | R11: 45992 | S11: 45992 | T11: 45992 | U11: 45992 | V11: 45992 | W11: 45992
A12: PROJETOS (Ver NOTA 1) | R12: 40833.28 | S12: =R12*(1+'ÍNDICES SINAPI IBGE'!F$31) -> 51256.018 | T12: 37212.83 | U12: =T12*(1+'ÍNDICES SINAPI IBGE'!F$31) -> 46711.444 | V12: =SUM(#REF!)*(1+#REF!) -> #REF! | W12: 1657930.4
A13: SERVIÇOS PRELIMINARES (R$) | B13: 68679.66 | C13: =B13*(1+'ÍNDICES SINAPI IBGE'!F$13) -> 77155.205 | D13: 171688.78 | E13: =D13*(1+'ÍNDICES SINAPI IBGE'!F$13) -> 192876.36 | F13: 358078.33 | G13: =F13*(1+'ÍNDICES SINAPI IBGE'!F$13) -> 402267.67 | H13: 125823.11 | I13: =H13*(1+'ÍNDICES SINAPI IBGE'!F$19) -> 127695.42 | J13: =84776.91 -> 84776.91 | K13: =J13*(1+'ÍNDICES SINAPI IBGE'!F$19) -> 86038.434 | L13: 93519.35 | M13: =L13*(1+'ÍNDICES SINAPI IBGE'!F$19) -> 94910.966 | N13: 234313.15 | O13: =N13*(1+'ÍNDICES SINAPI IBGE'!F$25) -> 261109.57 | P13: 71413.2 | Q13: =P13*(1+'ÍNDICES SINAPI IBGE'!F$19) -> 72475.865 | R13: 379236.52 | S13: =R13*(1+'ÍNDICES SINAPI IBGE'!F$31) -> 476037.04 | T13: 107396.29 | U13: =T13*(1+'ÍNDICES SINAPI IBGE'!F$31) -> 134809.31 | V13: =SUM(#REF!)*(1+#REF!) -> #REF! | W13: 2791239.7
A14: CONTENÇÕES (R$) | B14: =2881917.47+20488.15 -> 2902405.6 | C14: =B14*(1+'ÍNDICES SINAPI IBGE'!F$13) -> 3260582.5 | D14: 4008231.4 | E14: =D14*(1+'ÍNDICES SINAPI IBGE'!F$13) -> 4502874.8 | F14: =7094900.59+20488.15 -> 7115388.7 | G14: =F14*(1+'ÍNDICES SINAPI IBGE'!F$13) -> 7993476.9 | H14: =9328823.46+2103998.32 -> 11432822 | I14: =H14*(1+'ÍNDICES SINAPI IBGE'!F$19) -> 11602948 | J14: =692480.26+2049637.37 -> 2742117.6 | K14: =J14*(1+'ÍNDICES SINAPI IBGE'!F$19) -> 2782921.8 | L14: =171991.76+2298333.86 -> 2470325.6 | M14: =L14*(1+'ÍNDICES SINAPI IBGE'!F$19) -> 2507085.3 | N14: 3672708.8 | O14: =N14*(1+'ÍNDICES SINAPI IBGE'!F$25) -> 4092725.5 | P14: 3426075.6 | Q14: =P14*(1+'ÍNDICES SINAPI IBGE'!F$19) -> 3477057.4 | R14: 13146162 | S14: =R14*(1+'ÍNDICES SINAPI IBGE'!F$31) -> 16501734 | T14: =2419250+1249762.29+16824.4 -> 3685836.7 | U14: =T14*(1+'ÍNDICES SINAPI IBGE'!F$31) -> 4626650.4 | V14: =SUM(#REF!)*(1+#REF!) -> #REF! | W14: 54025635
A15: DRENAGEM E OBRAS COMPLEMENTARES (R$) | B15: 84932.63 | C15: =B15*(1+'ÍNDICES SINAPI IBGE'!F$13) -> 95413.904 | D15: 130467.15 | E15: =D15*(1+'ÍNDICES SINAPI IBGE'!F$13) -> 146567.7 | F15: 325722.8 | G15: =F15*(1+'ÍNDICES SINAPI IBGE'!F$13) -> 365919.25 | H15: =413502.07+15823.81 -> 429325.88 | I15: =H15*(1+'ÍNDICES SINAPI IBGE'!F$19) -> 435714.47 | J15: =209487.92+396885.29 -> 606373.21 | K15: =J15*(1+'ÍNDICES SINAPI IBGE'!F$19) -> 615396.36 | L15: =40612.8+52004.3 -> 92617.1 | M15: =L15*(1+'ÍNDICES SINAPI IBGE'!F$19) -> 93995.29 | N15: 50576.42 | O15: =N15*(1+'ÍNDICES SINAPI IBGE'!F$25) -> 56360.419 | P15: =16528.79+60698.22 -> 77227.01 | Q15: =P15*(1+'ÍNDICES SINAPI IBGE'!F$19) -> 78376.188 | R15: 3123551.2 | S15: =R15*(1+'ÍNDICES SINAPI IBGE'!F$31) -> 3920840.9 | T15: =850050.71+38319.01 -> 888369.72 | U15: =T15*(1+'ÍNDICES SINAPI IBGE'!F$31) -> 1115127 | V15: =SUM(#REF!)*(1+#REF!) -> #REF! | W15: 6194732
A16: CUSTO DA OBRA (R$) | B16: =SUM(B13:B15) -> 3056017.9 | C16: =SUM(C13:C15) -> 3433151.7 | D16: =SUM(D13:D15) -> 4310387.3 | E16: =SUM(E13:E15) -> 4842318.9 | F16: =SUM(F13:F15) -> 7799189.9 | G16: =SUM(G13:G15) -> 8761663.8 | H16: =SUM(H13:H15) -> 11987971 | I16: =SUM(I13:I15) -> 12166358 | ... W16: =SUM(W13:W15) -> 63011606
A18: RECOMPOSIÇÃO E TRATAMENTO VEGETADO | B18: 0 | D18: 926.39 | F18: 0 | H18: 1445.37 | J18: 1341.77 | L18: 0 | N18: 0 | P18: 0 | R18: 0 | T18: 0 | V18: 7395.37
A19: CONTENÇÃO POR SOLO GRAMPEADO (M²) | B19: 1536 | D19: 0 | F19: 2613.29 | H19: =451.79/0.1 -> 4517.9 | J19: =92.18/0.1 -> 921.8 | L19: =82.62/0.1 -> 826.2 | N19: 1452.4 | P19: 1567 | R19: =1025.58/0.1 -> 10255.8 | T19: =408.83/0.1 -> 4088.3 | V19: 43222.28
A20: CONTENÇÃO POR CORTINA ATIRANTADA (M²) | B20: =127*2.5 -> 317.5 | D20: 1443 | F20: =184.82+147.01+150.91 -> 482.74 | H20: 542.25 | J20: 442 | L20: 159.43 | N20: 516.76 | P20: 0 | R20: 0 | T20: 0 | V20: 995.885
A21: ÁREA TOTAL DE CONTENÇÃO (M²) | B21: =SUM(B18:B20) -> 1853.5 | D21: =SUM(D18:D20) -> 2369.39 | F21: =SUM(F18:F20) -> 3096.03 | H21: =SUM(H18:H20) -> 6505.52 | J21: =SUM(J18:J20) -> 2705.57 | L21: =SUM(L18:L20) -> 985.63 | N21: =SUM(N18:N20) -> 1969.16 | P21: =SUM(P18:P20) -> 1567 | R21: =SUM(R18:R20) -> 10255.8 | T21: =SUM(T18:T20) -> 4088.3 | V21: =SUM(V18:V20) -> 51613.535
X22: R$ / M²
A23: CUSTO MÉDIO (POR M²) | B23: =C16/B21 -> 1852.2534 | D23: =E16/D21 -> 2043.6985 | F23: =G16/F21 -> 2829.9674 | H23: =I16/H21 -> 1870.1592 | J23: =K16/J21 -> 1287.8456 | L23: =M16/L21 -> 2735.2978 | N23: =O16/N21 -> 2239.6329 | P23: =Q16/P21 -> 2315.1943 | R23: =S16/R21 -> 2037.7359 | T23: =U16/T21 -> 1437.4157 | V23: =W16/V21 -> 1220.8349 | X23: =SUM(B23:W23)/11 -> 1988.1851
A25: % SERVIÇOS PRELIMINARES | B25: =C13/C$16 -> 0.022473579 | D25: =E13/E$16 -> 0.039831404 | F25: =G13/G$16 -> 0.045912247 | H25: =I13/I$16 -> 0.010495781 | J25: =K13/K$16 -> 0.024692776 | L25: =M13/M$16 -> 0.035204474 | N25: =O13/O$16 -> 0.059205894 | P25: =Q13/Q$16 -> 0.019977308 | R25: =S13/S$16 -> 0.022778405 | T25: =U13/U$16 -> 0.022940069 | V25: =W13/W$16 -> 0.044297231 | X25: =SUM(B25:V25)/11 -> 0.031619015
A26: % CONTENÇÕES | B26: =C14/C$16 -> 0.94973449 | D26: =E14/E$16 -> 0.92990051 | F26: =G14/G$16 -> 0.91232408 | H26: =I14/I$16 -> 0.95369116 | J26: =K14/K$16 -> 0.79869029 | L26: =M14/M$16 -> 0.9299307 | N26: =O14/O$16 -> 0.92801453 | P26: =Q14/Q$16 -> 0.95841901 | R26: =S14/S$16 -> 0.78960909 | T26: =U14/U$16 -> 0.78730232 | V26: =W14/W$16 -> 0.8573918 | X26: =SUM(B26:V26)/11 -> 0.89045527
A27: % DRENAGEM | B27: =C15/C$16 -> 0.027791928 | D27: =E15/E$16 -> 0.030268081 | F27: =G15/G$16 -> 0.041763671 | H27: =I15/I$16 -> 0.035813057 | J27: =K15/K$16 -> 0.17661693 | L27: =M15/M$16 -> 0.034864831 | N27: =O15/O$16 -> 0.012779574 | P27: =Q15/Q$16 -> 0.021603678 | R27: =S15/S$16 -> 0.18761251 | T27: =U15/U$16 -> 0.18975761 | V27: =W15/W$16 -> 0.098310968 | X27: =SUM(B27:V27)/11 -> 0.077925712
A30: ADMINISTRAÇÃO LOCAL (R$) | B30: 634548.33 | C30: =B30*(1+'ÍNDICES SINAPI IBGE'!F$13) -> 712855.98 | H30: 467030.36 | I30: =H30*(1+'ÍNDICES SINAPI IBGE'!F$19) -> 473980.01 | J30: 164328.1 | K30: =J30*(1+'ÍNDICES SINAPI IBGE'!F$19) -> 166773.39 | L30: 121094.94 | M30: =L30*(1+'ÍNDICES SINAPI IBGE'!F$19) -> 122896.9 | N30: 213665.2 | O30: =N30*(1+'ÍNDICES SINAPI IBGE'!F$25) -> 238100.29 | P30: 191870.56 | Q30: =P30*(1+'ÍNDICES SINAPI IBGE'!F$19) -> 194725.69
A31: % ADM LOCAL | B31: =C30/(C30+C16+E16+G16) -> 0.040160922 | H31: =I30/(I30+I16) -> 0.037497416 | J31: =K30/(K30+K16) -> 0.045677199 | L31: =M30/(M30+M16) -> 0.043597643 | N31: =O30/(O30+O16) -> 0.051223136 | P31: =Q30/(Q30+Q16) -> 0.050940173 | X31: =(B31+H31+J31+L31+N31+P31)/6 -> 0.044849415
A33: ÁREA DAS CONTENÇÕES - JARDIM IRENE (M²) | B33: 5093.29 | Q33: Valor de administração local (em considerar Projeto) - R$ | X33: =X31*B34 -> 454163.25
A34: CUSTO MÉDIO - OBRAS (R$) | B34: =B33*X23 -> 10126403 | O34: Valor de administração local (considerando valor Global com Projeto) - R$ | X34: =TRUNC(X33/(100%-X31),2) -> 475488.64
A36: DATA-BASE: Dezembro/2025
A38: NOTA 1 - Os valores referentes a serviços de PROJETOS, dos contratos consultados, estão apresentados APENAS para efeito de totalização dos mesmos, não particpando dos custos e parâmetros desenvolvidos neste etapa do trabalho. Os custos de projetos de nosso objeto foram calculados de forma estimativa em planilhas específicas (anexos 5.1, 5.2 e 5.3).
A40: NOTA 2 - Os valores referenciais das obras estão com incidência de BDI's de seus respectivos contratos; dessa forma, não se aplicaria cálculo e incidência de BDI sobre os valores resultantes no parâmetro acima.

Sheet EVENTOGRAMA
A1: PREFEITURA DE SANTO ANDRÉ
A2: SECRETARIA DE DESENVOLVIMENTO URBANO E HABITAÇÃO
A3: ='5.1-RESUMO'!A7:C7 -> DEPARTAMENTO DE HABITAÇÃO
A5: EXECUÇÃO DE SERVIÇOS DE ELABORAÇÃO DE PROJETO BÁSICO E EXECUTIVO DE ENGENHARIA E EXECUÇÃO DE OBRAS PARA CONTENÇÃO DE ENCOSTA E ESTABILIZAÇÃO DE SETORES DE RISCO ALTO E MUITO ALTO NO JARDIM IRENE
J7: BANCO DE PREÇO | K7: SINAPI
J8: Io = | K8: Dez/25
A9: EVENTOGRAMA - CRONOGRAMA FÍSICO-FINANCEIRO
A11: Ítem | B11: Descrição dos serviços | C11: Valor dos serviços | D11: mês 01 | E11: mês 02 | F11: mês 03 | G11: mês 04 | H11: mês 05 | I11: mês 06 | J11: mês 07 | K11: mês 08 | L11: mês 09 | M11: mês 10 | N11: mês 11 | O11: mês 12 | P11: mês 13 | Q11: mês 14 | R11: mês 15 | S11: mês 16 | T11: mês 17 | U11: mês 18 | V11: mês 19 | W11: mês 20 | X11: mês 21 | Y11: mês 22 | Z11: mês 23 | AA11: mês 24 | AB11: mês 25 | AC11: mês 26 | AD11: mês 27 | AE11: mês 28 | AF11: mês 29 | AG11: mês 30 | AH11: mês 31 | AI11: mês 32 | AJ11: mês 33
C12: (R$)
B13: =[2]RESUMO!F20 -> CUSTOS DIRETOS | C13: =SUM(C14) -> 475488.64
A14: 1.0 | B14: ADMINISTRAÇÃO LOCAL | C14: ='APOIO EVENTOGRAMA'!C9 -> 475488.64 | E14: =(E48/($C$49-$C$14))*$C$14 -> 4662.9738 | F14: =(F48/($C$49-$C$14))*$C$14 -> 0 | G14: =(G48/($C$49-$C$14))*$C$14 -> 0 | H14: =(H48/($C$49-$C$14))*$C$14 -> 9286.952 | I14: =(I48/($C$49-$C$14))*$C$14 -> 0 | J14: =(J48/($C$49-$C$14))*$C$14 -> 0 | K14: =(K48/($C$49-$C$14))*$C$14 -> 8060.3863 | L14: =(L48/($C$49-$C$14))*$C$14 -> 0 | ... AG14: =(AG48/($C$49-$C$14))*$C$14 -> 3220.5151 | AK14: =SUM(D14:AG14) -> 475488.64 | AL14: =C14-AK14 -> -0.00013790943
A16: 2.0 | B16: PROJETOS | C16: =SUM(C18:C22) -> 491501.53 | AH16: PERÍODO DE OBSERVAÇÃO | AK16: =AK18+AK20+AK22 -> 491501.53 | AL16: =C16-AK16 -> 0
B18: SERVIÇOS PRELIMINARES | C18: ='APOIO EVENTOGRAMA'!C20 -> 104126.59 | E18: =C18 -> 104126.59 | AK18: =SUM(D18:AJ18) -> 104126.59 | AL18: =C18-AK18 -> 0
B20: PROJETO BÁSICO | C20: ='APOIO EVENTOGRAMA'!C21 -> 207382.39 | H20: =C20 -> 207382.39 | AK20: =SUM(D20:AJ20) -> 207382.39 | AL20: =C20-AK20 -> 0
B22: PROJETO EXECUTIVO | C22: ='APOIO EVENTOGRAMA'!C22 -> 179992.55 | K22: =C22 -> 179992.55 | AK22: =SUM(D22:AJ22) -> 179992.55 | AL22: =C22-AK22 -> 0
A24: 3.0 | B24: SERVIÇOS PRELIMINARES / CONTENÇÕES | C24: =TRUNC(SUM(C26:C34),2) -> 9337295.9 | AH24: 90 DIAS | AK24: =AK26+AK28+AK30+AK32+AK34 -> 9337295.9 | AL24: =C24-AK24 -> -0.0055415276
B26: ÁREA 1 | C26: ='APOIO EVENTOGRAMA'!C25 -> 1472139.9 | P26: =C26 -> 1472139.9 | AK26: =SUM(D26:AJ26) -> 1472139.9 | AL26: =C26-AK26 -> 0
B28: ÁREA 2 | C28: ='APOIO EVENTOGRAMA'!C29 -> 3332783 | T28: =C28 -> 3332783 | AK28: =SUM(D28:AJ28) -> 3332783 | AL28: =C28-AK28 -> 0
B30: ÁREA 3 | C30: ='APOIO EVENTOGRAMA'!C33 -> 1850431.9 | X30: =C30 -> 1850431.9 | AK30: =SUM(D30:AJ30) -> 1850431.9 | AL30: =C30-AK30 -> 0
B32: ÁREA 4 | C32: ='APOIO EVENTOGRAMA'!C37 -> 1830981.1 | AB32: =C32 -> 1830981.1 | AK32: =SUM(D32:AJ32) -> 1830981.1 | AL32: =C32-AK32 -> 0
B34: ÁREA 5 | C34: ='APOIO EVENTOGRAMA'!C41 -> 850959.99 | AF34: =C34 -> 850959.99 | AK34: =SUM(D34:AJ34) -> 850959.99 | AL34: =C34-AK34 -> 0
A36: 4.0 | B36: DRENAGEM / SERVIÇOS COMPLEMENTARES | C36: =ROUND(SUM(C38:C46),2) -> 789107.17 | AK36: =AK38+AK40+AK42+AK44+AK46 -> 789107.17 | AL36: =C36-AK36 -> 0.0024686481
B38: ÁREA 1 | C38: ='APOIO EVENTOGRAMA'!C26 -> 124412.48 | R38: =C38 -> 124412.48 | AK38: =SUM(D38:AJ38) -> 124412.48 | AL38: =C38-AK38 -> 0
B40: ÁREA 2 | C40: ='APOIO EVENTOGRAMA'!C30 -> 281657.88 | V40: =C40 -> 281657.88 | AK40: =SUM(D40:AJ40) -> 281657.88 | AL40: =C40-AK40 -> 0
B42: ÁREA 3 | C42: ='APOIO EVENTOGRAMA'!C34 -> 156382.44 | Z42: =C42 -> 156382.44 | AK42: =SUM(D42:AJ42) -> 156382.44 | AL42: =C42-AK42 -> 0
B44: ÁREA 4 | C44: ='APOIO EVENTOGRAMA'!C38 -> 154738.62 | AD44: =C44 -> 154738.62 | AK44: =SUM(D44:AJ44) -> 154738.62 | AL44: =C44-AK44 -> 0
B46: ÁREA 5 | C46: ='APOIO EVENTOGRAMA'!C42 -> 71915.749 | AG46: =C46 -> 71915.749 | AK46: =SUM(D46:AJ46) -> 71915.749 | AL46: =C46-AK46 -> 0
D48: =SUM(D16:D47) -> 0 | E48: =SUM(E16:E47) -> 104126.59 | F48: =SUM(F16:F47) -> 0 | G48: =SUM(G16:G47) -> 0 | H48: =SUM(H16:H47) -> 207382.39 | I48: =SUM(I16:I47) -> 0 | J48: =SUM(J16:J47) -> 0 | K48: =SUM(K16:K47) -> 179992.55 | ... AJ48: =SUM(AJ16:AJ47) -> 0
B49: TOTAL OBRA | C49: =TRUNC(C36+C24+C16+C13,2) -> 11093393 | D49: =SUM(D14:D48) -> 0 | E49: =SUM(E14:E47) -> 108789.56 | F49: =SUM(F14:F47) -> 0 | G49: =SUM(G14:G47) -> 0 | H49: =SUM(H14:H47) -> 216669.34 | I49: =SUM(I14:I47) -> 0 | J49: =SUM(J14:J47) -> 0 | K49: =SUM(K14:K47) -> 188052.94 | L49: =SUM(L14:L47) -> 0 | ... AJ49: =SUM(AJ14:AJ47) -> 0 | AK49: =SUM(D49:AJ49) -> 11093393 | AL49: =AK49-C49 -> 0.0032174978
A50: TOTAL ACUMULADO | D50: =D49 -> 0 | E50: =D50+E49 -> 108789.56 | F50: =E50+F49 -> 108789.56 | G50: =F50+G49 -> 108789.56 | H50: =G50+H49 -> 325458.91 | I50: =H50+I49 -> 325458.91 | J50: =I50+J49 -> 325458.91 | K50: =J50+K49 -> 513511.84 | L50: =K50+L49 -> 513511.84 | ... AG50: =AF50+AG49 -> 11093393 | AH50: =AG50+AH49+0.01 -> 11093393 | AI50: =AH50+AI49 -> 11093393 | AJ50: =AI50+AJ49 -> 11093393

Sheet APOIO EVENTOGRAMA
A1: PLANILHA DE APOIO PARA CÁLCULO E DISTRIBUIÇÃO DOS EVENTOS
E4: Áreas (em m², e % de representatividade)
D5: TOTAL | E5: 1 | F5: 2 | G5: 3 | H5: 4 | I5: 5
D6: ='5.5-Parametrização_Obras'!B33 -> 5093.29 | E6: 803.02 | F6: 1817.96 | G6: 1009.37 | H6: 998.76 | I6: 464.18
D7: 1 | E7: =E6/$D6 -> 0.15766234 | F7: =F6/$D6 -> 0.35693236 | G7: =G6/$D6 -> 0.19817642 | H7: =H6/$D6 -> 0.19609329 | I7: =I6/$D6 -> 0.091135592
B9: Administração Local | C9: ='5.1-RESUMO'!C15 -> 475488.64
B11: Serviços Preliminares | C11: ='5.1-RESUMO'!C17 -> 320186.89
B12: Contenções | C12: ='5.1-RESUMO'!C18 -> 9017109
B13: Subtotal | C13: =C11+C12 -> 9337295.9
B15: Drenagem e serviços complementares | C15: ='5.1-RESUMO'!C19 -> 789107.17
B16: Subtotal | C16: =C15 -> 789107.17
B19: Projeto
B20: Serviços Preliminares | C20: ='5.3-Proj_Serv Preliminares'!J12 -> 104126.59
B21: Projeto Básico | C21: ='5.4-Proj_Bas-Exec'!W18 -> 207382.39
B22: Projeto Executivo | C22: ='5.4-Proj_Bas-Exec'!W28 -> 179992.55
B24: Área 1
B25: Preliminares e contenções | C25: =C13*E7 -> 1472139.9
B26: Drenagem e complementares | C26: =C16*E7 -> 124412.48
B28: Área 2
B29: Preliminares e contenções | C29: =C13*F7 -> 3332783
B30: Drenagem e complementares | C30: =C16*F7 -> 281657.88
B32: Área 3
B33: Preliminares e contenções | C33: =C13*G7 -> 1850431.9
B34: Drenagem e complementares | C34: =C16*G7 -> 156382.44
B36: Área 4
B37: Preliminares e contenções | C37: =C13*H7 -> 1830981.1
B38: Drenagem e complementares | C38: =C16*H7 -> 154738.62
B40: Área 5
B41: Preliminares e contenções | C41: =C13*I7 -> 850959.99
B42: Drenagem e complementares | C42: =C16*I7 -> 71915.749

Sheet ÍNDICES SINAPI IBGE
A1: PREFEITURA DE SANTO ANDRÉ
A2: SECRETARIA DE DESENVOLVIMENTO URBANO E HABITAÇÃO
A3: ='5.1-RESUMO'!A7:C7 -> DEPARTAMENTO DE HABITAÇÃO
A5: EXECUÇÃO DE SERVIÇOS DE ELABORAÇÃO DE PROJETO BÁSICO E EXECUTIVO DE ENGENHARIA PARA CONTENÇÃO DE ENCOSTA E ESTABILIZAÇÃO DE SETORES DE RISCO ALTO E MUITO ALTO NO JARDIM IRENE
A7: ATUALIZAÇÃO FINANCEIRA - INDICES SINAPI IBGE
D10: ÍNDICE SINAPI IBGE
D11: MÊS ATUAL | E11: 45992 | F11: 898.22
D12: MÊS DA ORIGEM | E12: 44743 | F12: 799.55
D13: FATOR DE CORREÇÃO (%) | F13: =(F11-F12)/F12 -> 0.12340692
D16: ÍNDICE SINAPI IBGE
D17: MÊS ATUAL | E17: 45992 | F17: 898.22
D18: MÊS DA ORIGEM | E18: 45809 | F18: 885.05
D19: FATOR DE CORREÇÃO (%) | F19: =(F17-F18)/F18 -> 0.014880515
D22: ÍNDICE SINAPI IBGE
D23: MÊS ATUAL | E23: 45992 | F23: 898.22
D24: MÊS DA ORIGEM | E24: 44896 | F24: 806.04
D25: FATOR DE CORREÇÃO (%) | F25: =(F23-F24)/F24 -> 0.11436157
D28: ÍNDICE SINAPI IBGE
D29: MÊS ATUAL | E29: 45992 | F29: 898.22
D30: MÊS DA ORIGEM | E30: 44470 | F30: 715.57
D31: FATOR DE CORREÇÃO (%) | F31: =(F29-F30)/F30 -> 0.25525106
D33: ÍNDICE SINAPI IBGE
D34: MÊS ATUAL | E34: 45992 | F34: 898.22
D35: MÊS DA ORIGEM | E35: 41913 | F35: 442.72
D36: FATOR DE CORREÇÃO (%) | F36: =(F34-F35)/F35 -> 1.028867

Sheet Fator K
A1: PREFEITURA DE SANTO ANDRÉ
A2: SECRETARIA DE DESENVOLVIMENTO E HABITAÇÃO
A3: ='5.1-RESUMO'!A7:C7 -> DEPARTAMENTO DE HABITAÇÃO
A5: EXECUÇÃO DE SERVIÇOS DE ELABORAÇÃO DE PROJETO BÁSICO E EXECUTIVO DE ENGENHARIA E EXECUÇÃO DE OBRAS PARA CONTENÇÃO DE ENCOSTA E ESTABILIZAÇÃO DE SETORES DE RISCO ALTO E MUITO ALTO NO JARDIM IRENE
A7: FATOR K / TRDE - MEMÓRIA DE CÁLCULO
A9: FATORES E COMPONENTES PARA CÁLCULO
A10: Fatores Ks | C10: % SINAPI
A11: K1 | B11: Encargos Sociais (K1) | C11: 0.7154
A12: K2 | B12: Administração Central (K2) | C12: 0.0343
A13: K3 | B13: Lucro (K3) | C13: 0.0674 | F13: FATOR K / TRDE
A14: K4 | B14: IMPOSTOS E TRIBUTOS | C14: =SUM(C15:C18) -> 0.0765 | F14: K SINAPI | G14: =ROUND(((1+C11+C12)*(1+C13))*(1+C14),4) -> 2.0105
B15: COFINS | C15: 0.03
B16: ISSQN | C16: 0.04 | F16: TRDE | G16: =ROUND((1+C13)*(1+C14),4) -> 1.1491
B17: CPRB | C17: 0
B18: PIS | C18: 0.0065
A20: Fontes: | B20: SINAPI - Encargos Sociais Sem Desoneração SP
B21: Data-Base: Dezembro 2025
B23: Onde:
B25: PV = (CD x K) + (DD x TRDE)
B27: K = [(1 + K1 + K2) x (1 + K3)] * (1 + K4)
B29: TRDE = (1 + K3) * (1 + K4)
B31: Sendo:
B33: PV = Preço de venda total praticado pela empresa
B35: CD = custo direto dos salários
B37: K = Fator "K"
B39: DD = demais custos diretos
B41: TRDE = taxa de ressarcimento de despesas e encargos
B43: K1 = encargos sociais incidentes sobre a mão de obra
... B49: K4 = impostos

Sheet Proj_Ref_SIURB
A1: PREFEITURA DE SANTO ANDRÉ
A2: SDUH - SECRETARIA DE DESENVOLVIMENTO URBANO E HABITAÇÃO
A3: ='5.1-RESUMO'!A7:C7 -> DEPARTAMENTO DE HABITAÇÃO
A5: EXECUÇÃO DE SERVIÇOS DE ELABORAÇÃO DE PROJETO BÁSICO E EXECUTIVO DE ENGENHARIA E EXECUÇÃO DE OBRAS PARA CONTENÇÃO DE ENCOSTA E ESTABILIZAÇÃO DE SETORES DE RISCO ALTO E MUITO ALTO NO JARDIM IRENE
A7: PLANILHA DE APOIO PARA O ANEXO 5.5 PARA CÁLCULO DOS COEFICIENTES DE UTILIZAÇÃO DOS RECURSOS HUMANOS
A8: OS PREÇOS PÚBLICOS DESTA PLANILHA, ASSIM COMO SEUS CÓDIGOS, DIFEREM DOS APLICADOS NA PLANILHA FINAL
A10: ITEM 2 - PROJETO BÁSICO
A12: SUBITEM | B12: Descrição | C12: Referência | D12: Código | E12: Unid. | F12: Custo unitário de referência (COM encargos) (R$) | G12: Custo unitário de referência (SEM encargos) (R$) | H12: Coeficiente por documento (conforme SIURB) | I12: Qtde. Total | J12: Urban. | K12: Cadastro de remoção | L12: Melhoria Habitacional | M12: Pavimentação | N12: Terraplenagem | O12: Paisag. | P12: Geotecnia - Estrut. | Q12: Drenagem | R12: Redes de água | S12: Redes de esgoto | T12: Relatórios técnicos | U12: Orçamento | V12: Custo Total (R$) | W12: Custo total com Fator K (R$)
A13: 2.1 | B13: ENGENHEIRO CIVIL/ ARQUITETO CONSULTOR - 20 ANOS DE EXPERIÊNCIA (SGSP) | C13: INFRA | D13: 03-024-000 | E13: h | F13: 500.25 | G13: =F13/(1+'[3]ANÁLISE FATOR K e PREÇO VENDA'!D$9) -> 251.73611 | H13: 0.25 | I13: =SUM(J13:U13) -> 9.5 | J13: 0.5 | K13: 0.25 | L13: 0 | M13: 0.25 | N13: 1.5 | O13: 0.75 | P13: 2 | Q13: 1.5 | R13: 0.25 | S13: 0.25 | T13: 2 | U13: 0.25 | V13: =ROUND(G13*I13,2) -> 2391.49 | W13: =ROUND((G13*'[2]FATOR K'!G$12)*I13,2) -> 5022.14
A14: 2.2 | B14: PROJETISTA - SEM CURSO SUPERIOR, COM MAIS DE 5 ANOS DE EXPERIÊNCIA (SGSP) | C14: INFRA | D14: 03-039-000 | E14: h | F14: 145.26 | G14: =F14/(1+'[3]ANÁLISE FATOR K e PREÇO VENDA'!D$9) -> 73.097826 | H14: 5 | I14: =SUM(J14:U14) -> 190 | J14: 10 | K14: 5 | L14: 0 | M14: 5 | N14: 30 | O14: 15 | P14: 40 | Q14: 30 | R14: 5 | S14: 5 | T14: 40 | U14: 5 | V14: =ROUND(G14*I14,2) -> 13888.59 | W14: =ROUND((G14*'[2]FATOR K'!G$12)*I14,2) -> 29166.03
A15: 2.3 | B15: ENGENHEIRO CIVIL/ ARQUITETO COORDENADOR GERAL - MAIS DE 20 ANOS EXPERIÊNCIA (SGSP) | C15: INFRA | D15: 03-025-000 | E15: h | F15: 500.25 | G15: =F15/(1+'[3]ANÁLISE FATOR K e PREÇO VENDA'!D$9) -> 251.73611 | H15: 0.7 | I15: =SUM(J15:U15) -> 26.6 | J15: 1.4 | K15: 0.7 | L15: 0 | M15: 0.7 | N15: 4.2 | O15: 2.1 | P15: 5.6 | Q15: 4.2 | R15: 0.7 | S15: 0.7 | T15: 5.6 | U15: 0.7 | V15: =ROUND(G15*I15,2) -> 6696.18 | W15: =ROUND((G15*'[2]FATOR K'!G$12)*I15,2) -> 14061.98
A16: 2.4 | B16: ENGENHEIRO/ ARQUITETO SÊNIOR - MAIS DE 15 ANOS DE EXPERIÊNCIA (SGSP) | C16: INFRA | D16: 03-027-000 | E16: h | F16: 283.79 | G16: =F16/(1+'[3]ANÁLISE FATOR K e PREÇO VENDA'!D$9) -> 142.80898 | H16: 7 | I16: =SUM(J16:U16) -> 266 | J16: 14 | K16: 7 | L16: 0 | M16: 7 | N16: 42 | O16: 21 | P16: 56 | Q16: 42 | R16: 7 | S16: 7 | T16: 56 | U16: 7 | V16: =ROUND(G16*I16,2) -> 37987.19 | W16: =ROUND((G16*'[2]FATOR K'!G$12)*I16,2) -> 79773.09
A17: 2.5 | B17: ENGENHEIRO/ ARQUITETO PLENO - DE 5 A 15 ANOS DE EXPERIÊNCIA (SGSP) | C17: INFRA | D17: 03-029-000 | E17: h | F17: 179.28 | G17: =F17/(1+'[3]ANÁLISE FATOR K e PREÇO VENDA'!D$9) -> 90.217391 | H17: 7 | I17: =SUM(J17:U17) -> 266 | J17: 14 | K17: 7 | L17: 0 | M17: 7 | N17: 42 | O17: 21 | P17: 56 | Q17: 42 | R17: 7 | S17: 7 | T17: 56 | U17: 7 | V17: =ROUND(G17*I17,2) -> 23997.83 | W17: =ROUND((G17*'[2]FATOR K'!G$12)*I17,2) -> 50395.43
A18: 2.6 | B18: ENGENHEIRO/ ARQUITETO JÚNIOR - ATÉ 5 ANOS DE EXPERIÊNCIA (SGSP) | C18: INFRA | D18: 03-030-000 | E18: h | F18: 133.18 | G18: =F18/(1+'[3]ANÁLISE FATOR K e PREÇO VENDA'!D$9) -> 67.018921 | H18: 8 | I18: =SUM(J18:U18) -> 304 | J18: 16 | K18: 8 | L18: 0 | M18: 8 | N18: 48 | O18: 24 | P18: 64 | Q18: 48 | R18: 8 | S18: 8 | T18: 64 | U18: 8 | V18: =ROUND(G18*I18,2) -> 20373.75 | W18: =ROUND((G18*'[2]FATOR K'!G$12)*I18,2) -> 42784.88
A19: 2.7 | B19: DESENHISTA CADISTA (SGSP) | C19: INFRA | D19: 03-035-000 | E19: h | F19: 57.8 | G19: =F19/(1+'[3]ANÁLISE FATOR K e PREÇO VENDA'!D$9) -> 29.086151 | H19: 10 | I19: =SUM(J19:U19) -> 380 | J19: 20 | K19: 10 | L19: 0 | M19: 10 | N19: 60 | O19: 30 | P19: 80 | Q19: 60 | R19: 10 | S19: 10 | T19: 80 | U19: 10 | V19: =ROUND(G19*I19,2) -> 11052.74 | W19: =ROUND((G19*'[2]FATOR K'!G$12)*I19,2) -> 23210.75
A20: 2.8 | B20: DESENHISTA PROJETISTA (SGSP) | C20: INFRA | D20: 03-036-000 | E20: h | F20: 61.94 | G20: =F20/(1+'[3]ANÁLISE FATOR K e PREÇO VENDA'!D$9) -> 31.169485 | H20: 7 | I20: =SUM(J20:U20) -> 266 | J20: 14 | K20: 7 | L20: 0 | M20: 7 | N20: 42 | O20: 21 | P20: 56 | Q20: 42 | R20: 7 | S20: 7 | T20: 56 | U20: 7 | V20: =ROUND(G20*I20,2) -> 8291.08 | W20: =ROUND((G20*'[2]FATOR K'!G$12)*I20,2) -> 17411.27
T21: TOTAIS | V21: =SUM(V13:V20) -> 124678.85 | W21: =SUM(W13:W20) -> 261825.57
A22: ITEM 3 - PROJETO EXECUTIVO
A24: SUBITEM | B24: Descrição | C24: Referência | D24: Código | E24: Unid. | F24: Custo unitário de referência (COM encargos) (R$) | G24: Custo unitário de referência (SEM encargos) (R$) | H24: Coeficiente por documento (conforme SIURB) | I24: Qtde. Total | J24: Urban. | K24: Cadastro de remoção | L24: Melhoria Habitacional | M24: Pavimentação | N24: Terraplenagem | O24: Paisag. | P24: Geotecnia - Estrut. | Q24: Drenagem | R24: Redes de água | S24: Redes de esgoto | T24: Relatórios técnicos | U24: Orçamento | V24: Custo Total (R$) | W24: Custo total com Fator K (R$)
A25: 3.1 | B25: ENGENHEIRO CIVIL/ ARQUITETO CONSULTOR - 20 ANOS DE EXPERIÊNCIA (SGSP) | C25: INFRA | D25: 03-024-000 | E25: h | F25: 500.25 | G25: =F25/(1+'[3]ANÁLISE FATOR K e PREÇO VENDA'!D$9) -> 251.73611 | H25: 0.2 | I25: =SUM(J25:U25) -> 7.8 | J25: 0.4 | K25: 0 | L25: 1.2 | M25: 0.4 | N25: 0.6 | O25: 0.6 | P25: 2 | Q25: 1.2 | R25: 0.2 | S25: 0.2 | T25: 0.8 | U25: 0.2 | V25: =ROUND(G25*I25,2) -> 1963.54 | W25: =ROUND((G25*'[2]FATOR K'!G$12)*I25,2) -> 4123.44
A26: 3.2 | B26: PROJETISTA - SEM CURSO SUPERIOR, COM MAIS DE 5 ANOS DE EXPERIÊNCIA (SGSP) | C26: INFRA | D26: 03-039-000 | E26: h | F26: 145.26 | G26: =F26/(1+'[3]ANÁLISE FATOR K e PREÇO VENDA'!D$9) -> 73.097826 | H26: 4 | I26: =SUM(J26:U26) -> 156 | J26: 8 | K26: 0 | L26: 24 | M26: 8 | N26: 12 | O26: 12 | P26: 40 | Q26: 24 | R26: 4 | S26: 4 | T26: 16 | U26: 4 | V26: =ROUND(G26*I26,2) -> 11403.26 | W26: =ROUND((G26*'[2]FATOR K'!G$12)*I26,2) -> 23946.85
A27: 3.3 | B27: ENGENHEIRO CIVIL/ ARQUITETO COORDENADOR GERAL - MAIS DE 20 ANOS EXPERIÊNCIA (SGSP) | C27: INFRA | D27: 03-025-000 | E27: h | F27: 500.25 | G27: =F27/(1+'[3]ANÁLISE FATOR K e PREÇO VENDA'!D$9) -> 251.73611 | H27: 0.4 | I27: =SUM(J27:U27) -> 15.6 | J27: 0.8 | K27: 0 | L27: 2.4 | M27: 0.8 | N27: 1.2 | O27: 1.2 | P27: 4 | Q27: 2.4 | R27: 0.4 | S27: 0.4 | T27: 1.6 | U27: 0.4 | V27: =ROUND(G27*I27,2) -> 3927.08 | W27: =ROUND((G27*'[2]FATOR K'!G$12)*I27,2) -> 8246.88
A28: 3.4 | B28: ENGENHEIRO/ ARQUITETO SÊNIOR - MAIS DE 15 ANOS DE EXPERIÊNCIA (SGSP) | C28: INFRA | D28: 03-027-000 | E28: h | F28: 283.79 | G28: =F28/(1+'[3]ANÁLISE FATOR K e PREÇO VENDA'!D$9) -> 142.80898 | H28: 6 | I28: =SUM(J28:U28) -> 234 | J28: 12 | K28: 0 | L28: 36 | M28: 12 | N28: 18 | O28: 18 | P28: 60 | Q28: 36 | R28: 6 | S28: 6 | T28: 24 | U28: 6 | V28: =ROUND(G28*I28,2) -> 33417.3 | W28: =ROUND((G28*'[2]FATOR K'!G$12)*I28,2) -> 70176.33
A29: 3.5 | B29: ENGENHEIRO/ ARQUITETO PLENO - DE 5 A 15 ANOS DE EXPERIÊNCIA (SGSP) | C29: INFRA | D29: 03-029-000 | E29: h | F29: 179.28 | G29: =F29/(1+'[3]ANÁLISE FATOR K e PREÇO VENDA'!D$9) -> 90.217391 | H29: 6 | I29: =SUM(J29:U29) -> 234 | J29: 12 | K29: 0 | L29: 36 | M29: 12 | N29: 18 | O29: 18 | P29: 60 | Q29: 36 | R29: 6 | S29: 6 | T29: 24 | U29: 6 | V29: =ROUND(G29*I29,2) -> 21110.87 | W29: =ROUND((G29*'[2]FATOR K'!G$12)*I29,2) -> 44332.83
A30: 3.6 | B30: ENGENHEIRO/ ARQUITETO JÚNIOR - ATÉ 5 ANOS DE EXPERIÊNCIA (SGSP) | C30: INFRA | D30: 03-030-000 | E30: h | F30: 133.18 | G30: =F30/(1+'[3]ANÁLISE FATOR K e PREÇO VENDA'!D$9) -> 67.018921 | H30: 7 | I30: =SUM(J30:U30) -> 273 | J30: 14 | K30: 0 | L30: 42 | M30: 14 | N30: 21 | O30: 21 | P30: 70 | Q30: 42 | R30: 7 | S30: 7 | T30: 28 | U30: 7 | V30: =ROUND(G30*I30,2) -> 18296.17 | W30: =ROUND((G30*'[2]FATOR K'!G$12)*I30,2) -> 38421.95
A31: 3.7 | B31: DESENHISTA CADISTA (SGSP) | C31: INFRA | D31: 03-035-000 | E31: h | F31: 57.8 | G31: =F31/(1+'[3]ANÁLISE FATOR K e PREÇO VENDA'!D$9) -> 29.086151 | H31: 9.4 | I31: =SUM(J31:U31) -> 366.6 | J31: 18.8 | K31: 0 | L31: 56.4 | M31: 18.8 | N31: 28.2 | O31: 28.2 | P31: 94 | Q31: 56.4 | R31: 9.4 | S31: 9.4 | T31: 37.6 | U31: 9.4 | V31: =ROUND(G31*I31,2) -> 10662.98 | W31: =ROUND((G31*'[2]FATOR K'!G$12)*I31,2) -> 22392.26
A32: 3.8 | B32: DESENHISTA PROJETISTA (SGSP) | C32: INFRA | D32: 03-036-000 | E32: h | F32: 61.94 | G32: =F32/(1+'[3]ANÁLISE FATOR K e PREÇO VENDA'!D$9) -> 31.169485 | H32: 5 | I32: =SUM(J32:U32) -> 195 | J32: 10 | K32: 0 | L32: 30 | M32: 10 | N32: 15 | O32: 15 | P32: 50 | Q32: 30 | R32: 5 | S32: 5 | T32: 20 | U32: 5 | V32: =ROUND(G32*I32,2) -> 6078.05 | W32: =ROUND((G32*'[2]FATOR K'!G$12)*I32,2) -> 12763.9
T33: TOTAIS | V33: =SUM(V25:V32) -> 106859.25 | W33: =SUM(W25:W32) -> 224404.44
